| TOP OF THE 1ST |
|
Bristol Pirates batting - Pitching for Chicago (APP) Cubs : RHP Jake Newman
|
|
Pitching: RHP Jake Newman
|
|
|
Batting: RHB Perry Dominey
|
0-0: Called Strike 0-1: Ball 1-1: Foul Ball, location: 2F 1-2: Fly out, F4 (Flyball, 34D, EV 86.2 MPH)
|
|
Batting: RHB Randy Bergman
|
0-0: Ball 1-0: Foul Ball, location: 2F 1-1: Ball 2-1: SINGLE (Line Drive, 6MD, EV 99.4 MPH)
|
|
Batting: LHB Randy Boone
|
0-0: Ball 1-0: Ball 2-0: Called Strike 2-1: SINGLE (Groundball, 5S, EV 69.4 MPH) (infield hit) Randy Bergman to second
|
|
Batting: RHB Etsuro Hosokawa
|
0-0: Reached on error, E4 (Groundball, 4MS, EV 68.8 MPH) Randy Bergman to third Randy Boone to second
|
|
Batting: RHB Jaime Dubicki
|
0-0: Grounds into double play, 6-4-3 (Groundball, 6M, EV 101.2 MPH)
|
| Top of the 1st over - 0 runs, 2 hits, 1 error, 2 left on base; Bristol 0 - Chicago (APP) 0 |
| BOTTOM OF THE 1ST |
|
Chicago (APP) Cubs batting - Pitching for Bristol Pirates : RHP George Sechler
|
|
Pitching: RHP George Sechler
|
|
|
Batting: RHB Andy Huntley
|
0-0: Ball 1-0: Swinging Strike 1-1: Foul Ball, location: 2F 1-2: Foul Ball, location: 2F 1-2: Foul Ball, location: 2F 1-2: Ball 2-2: Ball 3-2: Base on Balls
|
|
Batting: RHB Leonardo Nava
|
0-0: Called Strike 0-1: Ball 1-1: Called Strike 1-2: DOUBLE (Line Drive, 78D, EV 105.0 MPH) Andy Huntley to third
|
|
Batting: RHB Tak-keung Chieu
|
0-0: Ball 1-0: Swinging Strike 1-1: Ball 2-1: Ball 3-1: Fly out, F8 (Flyball, 8RXD, EV 108.1 MPH) Runner from 3rd tags up, SCORES, no throw by CF Leonardo Nava to third
|
|
Batting: RHB Taylor Garofalo
|
0-0: Ball 1-0: Called Strike 1-1: Ball 2-1: Ball 3-1: SINGLE (Groundball, 56D, EV 102.5 MPH) Leonardo Nava scores
|
|
Batting: LHB Mark Ingram
|
0-0: Swinging Strike 0-1: Ball 1-1: Ball 2-1: Ball 3-1: Fly out, F8 (Flyball, 8RXD, EV 110.0 MPH)
|
|
Batting: RHB Randy Schmitt
|
0-0: Ball 1-0: Foul Ball, location: 2F 1-1: Ball 2-1: Fielders Choice at 2nd, 5-4 (Groundball, 56, EV 88.8 MPH)
|
| Bottom of the 1st over - 2 runs, 2 hits, 0 errors, 1 left on base; Bristol 0 - Chicago (APP) 2 |
| TOP OF THE 2ND |
|
Bristol Pirates batting - Pitching for Chicago (APP) Cubs : RHP Jake Newman
|
|
Batting: LHB Ruben Garza
|
0-0: Called Strike 0-1: Hit by Pitch
|
|
Batting: LHB Joe Wise
|
0-0: Ball 1-0: Foul Ball, location: 2F 1-1: Ball 2-1: Swinging Strike 2-2: Fielders Choice at 2nd, 3-6 (Groundball, 34S, EV 84.4 MPH)
|
|
Batting: RHB Andrew DeRicco
|
0-0: Called Strike 0-1: Swinging Strike 0-2: Strikes out swinging
|
|
Batting: RHB Rob Colley
|
0-0: Swinging Strike 0-1: Ground out 5-3 (Groundball, 15, EV 83.8 MPH)
|
| Top of the 2nd over - 0 runs, 0 hits, 0 errors, 1 left on base; Bristol 0 - Chicago (APP) 2 |
| BOTTOM OF THE 2ND |
|
Chicago (APP) Cubs batting - Pitching for Bristol Pirates : RHP George Sechler
|
|
Batting: SHB Gabriel Cruz
|
0-0: Called Strike 0-1: Foul Ball, location: 2F 0-2: Strikes out swinging
|
|
Batting: RHB Han-seung Hah
|
0-0: Called Strike 0-1: Foul Ball, location: 2F 0-2: Foul Ball, location: 2F 0-2: Ball 1-2: Foul Ball, location: 2F 1-2: SINGLE (Groundball, 6MD, EV 101.9 MPH)
|
|
Batting: RHB Jerry Blas
|
0-0: Ball 1-0: Ball Wild Pitch! Han-seung Hah to second 2-0: Foul Ball, location: 2F 2-1: Ground out 6-3 (Groundball, 6, EV 75.6 MPH)
|
|
Batting: RHB Andy Huntley
|
0-0: Called Strike 0-1: Foul Ball, location: 2F 0-2: Strikes out swinging
|
| Bottom of the 2nd over - 0 runs, 1 hit, 0 errors, 1 left on base; Bristol 0 - Chicago (APP) 2 |
| TOP OF THE 3RD |
|
Bristol Pirates batting - Pitching for Chicago (APP) Cubs : RHP Jake Newman
|
|
Batting: RHB Perry Dominey
|
0-0: Called Strike 0-1: Foul Ball, location: 2F 0-2: Ball 1-2: SINGLE (Flyball, 9LS, EV 91.2 MPH)
|
|
Batting: RHB Randy Bergman
|
0-0: Swinging Strike 0-1: Foul Ball, location: 2F 0-2: Ball 1-2: SINGLE (Groundball, 6MD, EV 102.5 MPH) Perry Dominey to second Runner from 2nd tries for 3rd, SAFE, throw by CF made to third
|
|
Batting: LHB Randy Boone
|
0-0: Called Strike 0-1: Swinging Strike 0-2: Fly out, F8 (Flyball, 8LM, EV 93.8 MPH) Runner from 3rd tags up, OUT at HOME! 8-2 Randy Bergman to second
|
|
Batting: RHB Etsuro Hosokawa
|
0-0: Called Strike 0-1: Called Strike 0-2: Foul Ball, location: 2F 0-2: Strikes out swinging
|
| Top of the 3rd over - 0 runs, 2 hits, 0 errors, 1 left on base; Bristol 0 - Chicago (APP) 2 |
| BOTTOM OF THE 3RD |
|
Chicago (APP) Cubs batting - Pitching for Bristol Pirates : RHP George Sechler
|
|
Batting: RHB Leonardo Nava
|
0-0: Ball 1-0: Ball 2-0: Foul Ball, location: 2F 2-1: Foul Ball, location: 2F 2-2: Foul Ball, location: 2F 2-2: Strikes out swinging
|
|
Batting: RHB Tak-keung Chieu
|
0-0: Swinging Strike 0-1: Foul Ball, location: 2F 0-2: Ball 1-2: Strikes out swinging
|
|
Batting: RHB Taylor Garofalo
|
0-0: Called Strike 0-1: Ball 1-1: Ball 2-1: Ball 3-1: Base on Balls
|
|
Batting: LHB Mark Ingram
|
0-0: Fly out, F9 (Flyball, 9, EV 85.6 MPH)
|
| Bottom of the 3rd over - 0 runs, 0 hits, 0 errors, 1 left on base; Bristol 0 - Chicago (APP) 2 |
| TOP OF THE 4TH |
|
Bristol Pirates batting - Pitching for Chicago (APP) Cubs : RHP Jake Newman
|
|
Batting: RHB Jaime Dubicki
|
0-0: Called Strike 0-1: Ground out 6-3 (Groundball, 6, EV 78.8 MPH)
|
|
Batting: LHB Ruben Garza
|
0-0: Ball 1-0: Called Strike 1-1: Swinging Strike 1-2: Ball 2-2: Ball 3-2: Base on Balls
|
|
Batting: LHB Joe Wise
|
0-0: Ball 1-0: Called Strike 1-1: Ball 2-1: Foul Ball, location: 2F 2-2: Fly out, F8 (Flyball, 8RM, EV 96.2 MPH)
|
|
Batting: RHB Andrew DeRicco
|
0-0: Called Strike 0-1: Swinging Strike 0-2: Foul Ball, location: 2F 0-2: Strikes out swinging
|
| Top of the 4th over - 0 runs, 0 hits, 0 errors, 1 left on base; Bristol 0 - Chicago (APP) 2 |
| BOTTOM OF THE 4TH |
|
Chicago (APP) Cubs batting - Pitching for Bristol Pirates : RHP George Sechler
|
|
Batting: RHB Randy Schmitt
|
0-0: Ball 1-0: Called Strike 1-1: Foul Ball, location: 2F 1-2: Strikes out swinging
|
|
Batting: SHB Gabriel Cruz
|
0-0: Ground out 5-3 (Groundball, 56, EV 104.4 MPH)
|
|
Batting: RHB Han-seung Hah
|
0-0: Called Strike 0-1: Called Strike 0-2: Ball 1-2: Ball 2-2: Foul Ball, location: 2F 2-2: Strikes out swinging
|
| Bottom of the 4th over - 0 runs, 0 hits, 0 errors, 0 left on base; Bristol 0 - Chicago (APP) 2 |
| TOP OF THE 5TH |
|
Bristol Pirates batting - Pitching for Chicago (APP) Cubs : RHP Jake Newman
|
|
Batting: RHB Rob Colley
|
0-0: Called Strike 0-1: Ground out 3-1 (Groundball, 34, EV 103.1 MPH)
|
|
Batting: RHB Perry Dominey
|
0-0: Foul Ball, location: 2F 0-1: Ball 1-1: Ball 2-1: SINGLE (Line Drive, 34D, EV 105.0 MPH)
|
|
Batting: RHB Randy Bergman
|
0-0: Called Strike 0-1: Ball 1-1: Ball 2-1: SINGLE (Groundball, 56D, EV 102.5 MPH) Perry Dominey to second
|
|
Batting: LHB Randy Boone
|
0-0: SINGLE (Groundball, 4D, EV 98.1 MPH) Perry Dominey to third Randy Bergman to second Runner from 3rd tries for Home, SAFE, throw by RF to home
|
|
Batting: RHB Etsuro Hosokawa
|
0-0: Ball 1-0: Foul Ball, location: 2F 1-1: Called Strike 1-2: Ball 2-2: Foul Ball, location: 2F 2-2: Foul Ball, location: 2F 2-2: Strikes out swinging
|
|
Pitching: LHP Eddie Panagos
|
|
|
Batting: RHB Jaime Dubicki
|
0-0: Ball 1-0: Foul Ball, location: 2F 1-1: Ball 2-1: Ball 3-1: Called Strike 3-2: Strikes out swinging
|
| Top of the 5th over - 1 run, 3 hits, 0 errors, 2 left on base; Bristol 1 - Chicago (APP) 2 |
| BOTTOM OF THE 5TH |
|
Chicago (APP) Cubs batting - Pitching for Bristol Pirates : RHP George Sechler
|
|
Batting: RHB Jerry Blas
|
0-0: Ball 1-0: Ball 2-0: Called Strike 2-1: Ball 3-1: Called Strike 3-2: Foul Ball, location: 2F 3-2: DOUBLE (Line Drive, 7LM, EV 98.8 MPH)
|
|
Batting: RHB Andy Huntley
|
0-0: SINGLE (Groundball, 5S, EV 70.6 MPH) (infield hit) Jerry Blas to third
|
|
Batting: RHB Leonardo Nava
|
0-0: Ball Squeeze bunt is on, Jerry Blas is out 1-1: Ball 2-1: Foul Ball, location: 2F 2-2: SINGLE (Groundball, 6D, EV 109.4 MPH) Andy Huntley to second
|
|
Batting: RHB Tak-keung Chieu
|
0-0: Called Strike 0-1: Grounds into double play, 5-4-3 (Groundball, 56, EV 106.9 MPH)
|
| Bottom of the 5th over - 0 runs, 3 hits, 0 errors, 1 left on base; Bristol 1 - Chicago (APP) 2 |
| TOP OF THE 6TH |
|
Bristol Pirates batting - Pitching for Chicago (APP) Cubs : LHP Eddie Panagos
|
|
Batting: LHB Ruben Garza
|
0-0: Swinging Strike 0-1: Ball 1-1: Ball 2-1: Ball 3-1: Base on Balls
|
|
Batting: LHB Joe Wise
|
0-0: Called Strike 0-1: Ball 1-1: Foul Ball, location: 2F 1-2: DOUBLE (Groundball, 5L, EV 105.6 MPH) Ruben Garza to third
|
|
Batting: RHB Andrew DeRicco
|
0-0: Ball 1-0: Ball 2-0: Ball 3-0: Base on Balls
|
|
Batting: RHB Rob Colley
|
0-0: Foul Ball, location: 2F 0-1: Foul Ball, location: 2F 0-2: Ball 1-2: Strikes out swinging
|
|
Batting: RHB Perry Dominey
|
0-0: Ball 1-0: DOUBLE (Flyball, 89XD, EV 97.5 MPH) Ruben Garza scores Joe Wise scores Andrew DeRicco to third
|
|
Batting: RHB Randy Bergman
|
0-0: Intentional Walk
|
|
Batting: LHB Randy Boone
|
0-0: Called Strike 0-1: Ball 1-1: Foul Ball, location: 2F 1-2: Strikes out swinging
|
|
Batting: RHB Etsuro Hosokawa
|
0-0: Ball 1-0: Swinging Strike 1-1: Called Strike 1-2: Foul Ball, location: 2F 1-2: Ball 2-2: Fielders Choice at 2nd, 6-4 (Groundball, 6, EV 86.9 MPH)
|
| Top of the 6th over - 2 runs, 2 hits, 0 errors, 3 left on base; Bristol 3 - Chicago (APP) 2 |
| BOTTOM OF THE 6TH |
|
Chicago (APP) Cubs batting - Pitching for Bristol Pirates : RHP George Sechler
|
|
Batting: RHB Taylor Garofalo
|
0-0: Ball 1-0: Ball 2-0: Ball 3-0: Called Strike 3-1: Foul Ball, location: 2F 3-2: Base on Balls
|
|
Batting: LHB Mark Ingram
|
0-0: Called Strike 0-1: Ball 1-1: Swinging Strike 1-2: Ball 2-2: Ball 3-2: Base on Balls Taylor Garofalo to second
|
|
Pitching: RHP Doug Rawson
|
|
|
Batting: RHB Randy Schmitt
|
0-0: Called Strike 0-1: Ball 1-1: Ball Passed Ball! Taylor Garofalo to third Mark Ingram to second 2-1: Ground out 1-3 (Groundball, 34S, EV 63.8 MPH)
|
|
Batting: SHB Gabriel Cruz
|
0-0: Called Strike 0-1: Ground out 1-3 (Groundball, 13S, EV 63.8 MPH)
|
|
Batting: RHB Han-seung Hah
|
0-0: Called Strike 0-1: Swinging Strike 0-2: Strikes out looking
|
| Bottom of the 6th over - 0 runs, 0 hits, 0 errors, 2 left on base; Bristol 3 - Chicago (APP) 2 |
| TOP OF THE 7TH |
|
Bristol Pirates batting - Pitching for Chicago (APP) Cubs : LHP Eddie Panagos
|
|
Pitching: RHP Julio Arteaga
|
|
|
Batting: RHB Jaime Dubicki
|
0-0: Ball 1-0: Called Strike 1-1: Ball 2-1: Ball 3-1: Ground out 5-3 (Groundball, 5S, EV 88.8 MPH)
|
|
Batting: LHB Ruben Garza
|
0-0: Called Strike 0-1: Foul Ball, location: 2F 0-2: Hit by Pitch
|
|
Batting: LHB Joe Wise
|
0-0: Called Strike 0-1: Ball 1-1: Foul Ball, location: 2F 1-2: Ball 2-2: Foul Ball, location: 2F 2-2: Ball 3-2: Foul Ball, location: 2F 3-2: Foul Ball, location: 2F 3-2: Fly out, F3 (Line Drive, 3, EV 61.2 MPH) Lined into DP, U3 (Line Drive, 3, EV 65.0 MPH)
|
| Top of the 7th over - 0 runs, 0 hits, 0 errors, 0 left on base; Bristol 3 - Chicago (APP) 2 |
| BOTTOM OF THE 7TH |
|
Chicago (APP) Cubs batting - Pitching for Bristol Pirates : RHP Doug Rawson
|
|
Batting: RHB Jerry Blas
|
0-0: Ball 1-0: Swinging Strike 1-1: Foul Ball, location: 2F 1-2: Ground out 5-3 (Groundball, 56S, EV 83.1 MPH)
|
|
Batting: RHB Andy Huntley
|
0-0: Called Strike 0-1: Called Strike 0-2: Ball 1-2: Ball 2-2: Foul Ball, location: 2F 2-2: Ball 3-2: DOUBLE (Flyball, 8LXD, EV 110.6 MPH)
|
|
Batting: RHB Leonardo Nava
|
0-0: Called Strike 0-1: Ball Andy Huntley steals 3rd base 1-1: Ground out 6-3 (Groundball, 6, EV 82.5 MPH)
|
|
Batting: RHB Tak-keung Chieu
|
0-0: Ball 1-0: Called Strike 1-1: Ball 2-1: Foul Ball, location: 2F 2-2: Ball 3-2: Foul Ball, location: 2F 3-2: Foul Ball, location: 2F 3-2: Strikes out swinging
|
| Bottom of the 7th over - 0 runs, 1 hit, 0 errors, 1 left on base; Bristol 3 - Chicago (APP) 2 |
| TOP OF THE 8TH |
|
Bristol Pirates batting - Pitching for Chicago (APP) Cubs : RHP Julio Arteaga
|
|
Pitching: LHP Neal Brody
|
|
|
Batting: RHB Andrew DeRicco
|
0-0: Swinging Strike 0-1: Ball 1-1: Swinging Strike 1-2: Ball 2-2: Strikes out looking
|
|
Batting: RHB Rob Colley
|
0-0: Called Strike 0-1: Ball 1-1: Ball 2-1: Foul Ball, location: 2F 2-2: Strikes out looking
|
|
Batting: RHB Perry Dominey
|
0-0: Swinging Strike 0-1: Ball 1-1: Swinging Strike 1-2: Foul Ball, location: 2F 1-2: Ball 2-2: Ball 3-2: Base on Balls
|
|
Batting: RHB Randy Bergman
|
0-0: Ball Perry Dominey is caught stealing 2nd base 2-4
|
| Top of the 8th over - 0 runs, 0 hits, 0 errors, 0 left on base; Bristol 3 - Chicago (APP) 2 |
| BOTTOM OF THE 8TH |
|
Chicago (APP) Cubs batting - Pitching for Bristol Pirates : RHP Doug Rawson
|
|
Pitching: RHP Frank Morris
|
|
|
Batting: RHB Taylor Garofalo
|
0-0: Foul Ball, location: 2F 0-1: Ball 1-1: Ball 2-1: Swinging Strike 2-2: Foul Ball, location: 2F 2-2: Foul Ball, location: 2F 2-2: Foul Ball, location: 2F 2-2: Ball 3-2: Base on Balls
|
|
Batting: LHB Mark Ingram
|
0-0: Ball 1-0: Called Strike 1-1: Ball 2-1: Ball Wild Pitch! Taylor Garofalo to second 3-1: Fly out, F9 (Line Drive, 9D, EV 93.1 MPH) Runner from 2nd tags up, SAFE at 3rd with throw by RF
|
|
Batting: RHB Randy Schmitt
|
0-0: Ball 1-0: 2-RUN HOME RUN (Flyball, 7LD, EV 98.8 MPH), Distance : 361 ft
|
|
Batting: SHB Gabriel Cruz
|
0-0: Ball 1-0: Ball 2-0: Called Strike 2-1: Ground out 4-3 (Groundball, 4, EV 88.8 MPH)
|
|
Batting: RHB Han-seung Hah
|
0-0: Fly out, F8 (Flyball, 8RXD, EV 99.4 MPH)
|
| Bottom of the 8th over - 2 runs, 1 hit, 0 errors, 0 left on base; Bristol 3 - Chicago (APP) 4 |
| TOP OF THE 9TH |
|
Bristol Pirates batting - Pitching for Chicago (APP) Cubs : LHP Neal Brody
|
|
Pitching: RHP Ryan Masterson
|
|
|
Now at 1B: Jose Sanchez
|
|
|
Batting: RHB Randy Bergman
|
0-0: Fly out, F7 (Flyball, 78D, EV 88.8 MPH)
|
|
Batting: LHB Randy Boone
|
0-0: Foul Ball, location: 2F 0-1: Ball 1-1: Ball 2-1: Ball 3-1: Called Strike 3-2: Foul Ball, location: 2F 3-2: Base on Balls
|
|
Batting: RHB Etsuro Hosokawa
|
0-0: Called Strike 0-1: Foul Ball, location: 2F 0-2: Ball 1-2: SINGLE (Flyball, 9S, EV 96.2 MPH) Randy Boone to second
|
|
Pinch Hitting: LHB Tomohiro Yokoyama
|
0-0: Ball 1-0: DOUBLE (Groundball, 3L, EV 104.4 MPH) Randy Boone scores Etsuro Hosokawa to third
|
|
Batting: LHB Ruben Garza
|
0-0: Ball 1-0: Called Strike 1-1: Foul Ball, location: 2F 1-2: Strikes out swinging
|
|
Batting: LHB Joe Wise
|
0-0: Intentional Walk
|
|
Batting: RHB Andrew DeRicco
|
0-0: Ball 1-0: Foul Ball, location: 2F 1-1: Foul Ball, location: 2F 1-2: Foul Ball, location: 2F 1-2: Strikes out looking
|
| Top of the 9th over - 1 run, 2 hits, 0 errors, 3 left on base; Bristol 4 - Chicago (APP) 4 |
| BOTTOM OF THE 9TH |
|
Chicago (APP) Cubs batting - Pitching for Bristol Pirates : RHP Frank Morris
|
|
Pitching: RHP Hugo Rodriguez
|
|
|
Now at 3B: Gilberto Victoria
|
|
|
Batting: RHB Jerry Blas
|
0-0: Swinging Strike 0-1: Swinging Strike 0-2: Ball 1-2: Ball 2-2: Foul Ball, location: 2F 2-2: Foul Ball, location: 2F 2-2: Strikes out swinging
|
|
Batting: RHB Andy Huntley
|
0-0: Called Strike 0-1: Ball 1-1: Called Strike 1-2: Ball 2-2: Strikes out swinging
|
|
Batting: RHB Leonardo Nava
|
0-0: Ground out 6-3 (Groundball, 6, EV 85.6 MPH)
|
| Bottom of the 9th over - 0 runs, 0 hits, 0 errors, 0 left on base; Bristol 4 - Chicago (APP) 4 |
| TOP OF THE 10TH |
|
Bristol Pirates batting - Pitching for Chicago (APP) Cubs : RHP Ryan Masterson
|
|
Pinch Hitting: RHB Pete Hutton
|
0-0: Called Strike 0-1: Fly out, F9 (Flyball, 9S, EV 73.1 MPH)
|
|
Batting: RHB Perry Dominey
|
0-0: Called Strike 0-1: Ball 1-1: Foul Ball, location: 2F 1-2: Foul Ball, location: 2F 1-2: Ball 2-2: Foul Ball, location: 2F 2-2: Ball 3-2: Foul Ball, location: 2F 3-2: Strikes out swinging
|
|
Batting: RHB Randy Bergman
|
0-0: Called Strike 0-1: Ball 1-1: Ground out 6-3 (Groundball, 6, EV 100.0 MPH)
|
| Top of the 10th over - 0 runs, 0 hits, 0 errors, 0 left on base; Bristol 4 - Chicago (APP) 4 |
| BOTTOM OF THE 10TH |
|
Chicago (APP) Cubs batting - Pitching for Bristol Pirates : RHP Hugo Rodriguez
|
|
Now at 3B: Pete Hutton
|
|
|
Now at SS: Gilberto Victoria
|
|
|
Batting: RHB Tak-keung Chieu
|
0-0: Called Strike 0-1: Fly out, F8 (Flyball, 8LS, EV 86.9 MPH)
|
|
Batting: RHB Taylor Garofalo
|
0-0: Ball 1-0: Ball 2-0: Called Strike 2-1: Called Strike 2-2: Ground out 2-3 (Groundball, 2R, EV 73.8 MPH)
|
|
Batting: RHB Jose Sanchez
|
0-0: Called Strike 0-1: Foul Ball, location: 2F 0-2: Ball 1-2: Strikes out swinging
|
| Bottom of the 10th over - 0 runs, 0 hits, 0 errors, 0 left on base; Bristol 4 - Chicago (APP) 4 |
| TOP OF THE 11TH |
|
Bristol Pirates batting - Pitching for Chicago (APP) Cubs : RHP Ryan Masterson
|
|
Batting: LHB Randy Boone
|
0-0: Foul Ball, location: 2F 0-1: Ball 1-1: Foul Ball, location: 2F 1-2: Ground out U3 (Groundball, 3S, EV 83.1 MPH)
|
|
Batting: RHB Etsuro Hosokawa
|
0-0: Foul Ball, location: 2F 0-1: Ball 1-1: Ball 2-1: Foul Ball, location: 2F 2-2: Ground out U3 (Groundball, 34, EV 91.2 MPH)
|
|
Batting: RHB Gilberto Victoria
|
0-0: Called Strike 0-1: Foul Ball, location: 2F 0-2: Foul Ball, location: 2F 0-2: Ball 1-2: Strikes out swinging
|
| Top of the 11th over - 0 runs, 0 hits, 0 errors, 0 left on base; Bristol 4 - Chicago (APP) 4 |
| BOTTOM OF THE 11TH |
|
Chicago (APP) Cubs batting - Pitching for Bristol Pirates : RHP Hugo Rodriguez
|
|
Batting: RHB Randy Schmitt
|
0-0: Ball 1-0: Called Strike 1-1: Foul Ball, location: 2F 1-2: Ball 2-2: Ball 3-2: Foul Ball, location: 2F 3-2: Base on Balls
|
|
Batting: SHB Gabriel Cruz
|
0-0: Bunted foul 0-1: Bunt missed! 0-2: Foul Ball, location: 2F 0-2: Fly out, F8 (Flyball, 8LXD, EV 97.5 MPH) Runner from 1st tags up, SAFE at 2nd
|
|
Batting: RHB Han-seung Hah
|
0-0: Called Strike 0-1: Called Strike 0-2: Strikes out swinging
|
|
Batting: RHB Jerry Blas
|
0-0: Called Strike 0-1: Foul Ball, location: 2F 0-2: Foul Ball, location: 2F 0-2: Ball Passed Ball! Randy Schmitt to third 1-2: Ball 2-2: Foul Ball, location: 2F 2-2: Strikes out swinging
|
| Bottom of the 11th over - 0 runs, 0 hits, 0 errors, 1 left on base; Bristol 4 - Chicago (APP) 4 |
| TOP OF THE 12TH |
|
Bristol Pirates batting - Pitching for Chicago (APP) Cubs : RHP Ryan Masterson
|
|
Pitching: RHP Dwight Bean
|
|
|
Batting: LHB Ruben Garza
|
0-0: Ball 1-0: Called Strike 1-1: Swinging Strike 1-2: Foul Ball, location: 2F 1-2: Ball 2-2: Foul Ball, location: 2F 2-2: Strikes out swinging
|
|
Batting: LHB Joe Wise
|
0-0: Fly out, F9 (Flyball, 9, EV 79.4 MPH)
|
|
Batting: RHB Andrew DeRicco
|
0-0: Ground out U3 (Groundball, 34, EV 102.5 MPH)
|
| Top of the 12th over - 0 runs, 0 hits, 0 errors, 0 left on base; Bristol 4 - Chicago (APP) 4 |
| BOTTOM OF THE 12TH |
|
Chicago (APP) Cubs batting - Pitching for Bristol Pirates : RHP Hugo Rodriguez
|
|
Batting: RHB Andy Huntley
|
0-0: Called Strike 0-1: Hit by Pitch
|
|
Batting: RHB Leonardo Nava
|
0-0: Bunted foul 0-1: Bunt missed! 0-2: Ball 1-2: 2-RUN HOME RUN (Flyball, 9D, EV 98.1 MPH), Distance : 382 ft
|
| Bottom of the 12th over - 2 runs, 1 hit, 0 errors, 0 left on base; Bristol 4 - Chicago (APP) 6 |
| |
|
Game Over ... Chicago (APP) defeats Bristol, 6 to 4
|
|
|